 Dungeon Crawl Stone Soup version 0.30.1-3-gfc49f6343a (webtiles) character file.

Game seed: 510973589154851174

96737 spardeous the Thaumaturge (level 15, -25/125 HPs)
             Began as a Demigod Conjurer on Aug 9, 2023.
             Killed from afar by Nikola (32 damage)
             ... with an arc of chain lightning
             ... on level 1 of the Spider Nest.
             The game lasted 01:09:05 (41362 turns).

spardeous the Thaumaturge (Demigod Conjurer)       Turns: 41362, Time: 01:09:05

Health: -25/125    AC: 31    Str: 19    XL:     15   Next: 26%
Magic:  21/45      EV:  7    Int: 28    God:
Gold:   1157       SH: 13    Dex: 22    Spells: 14/38 levels left

rFire   + . .        n - +8 war axe of Earthquakes {flame, rPois rCorr Dex+2}
rCold   + + .        U - +0 kite shield {AC+3}
rNeg    + . .        F - +14 chain mail of Wu Jian's Condemnation {Rampage rPois Str+3 Stlth+}
rPois   +            h - +3 hat of the Other World {rC+ Str-4 Stlth+}
rElec   .            W - scarf {rC+ rF+}
rCorr   +            R - +1 pair of gloves of the Grey Skies {Dex+2}
SInv    .            S - +0 pair of boots
Will    ++...        H - amulet of regeneration
Stlth   ++           t - ring of Tisioshije {rN+ Will+ Dex+6}
HPRegen 1.20/turn    w - ring of magical power
MPRegen 0.29/turn

%: rampage
@: very slightly contaminated, hasted, very quick
A: high MP 1, forlorn, divine attributes, mutation resistance 1
a: no special abilities


You were on level 1 of the Spider Nest.
You visited 4 branches of the dungeon, and saw 23 of its levels.
You also visited: Ossuary and Gauntlet.

You collected 3272 gold pieces.
You spent 2115 gold pieces at shops.

Inventory:

Hand Weapons
 n - the +8 war axe of Earthquakes (weapon) {flame, rPois rCorr Dex+2}
   (You bought it in a shop on level 8 of the Dungeon)

   Dex:       It affects your dexterity (+2).
   rPois:     It protects you from poison.
   rCorr:     It protects you from acid and corrosion.
Armour
 h - the +3 hat of the Other World (worn) {rC+ Str-4 Stlth+}
   (You found it in a Gauntlet)

   Str:       It affects your strength (-4).
   rC:        It protects you from cold.
   Stlth:     It makes you more stealthy.
 F - the +14 chain mail of Wu Jian's Condemnation (worn) {Rampage rPois Str+3 Stlth+}
   (You bought it in a shop on level 2 of the Dungeon)

   Str:       It affects your strength (+3).
   rPois:     It protects you from poison.
   Rampage:   It bestows one free step when moving towards enemies.
   Stlth:     It makes you more stealthy.
 M - a +1 cloak
 R - the +1 pair of gloves of the Grey Skies (worn) {Dex+2}
   (You bought it in a shop on level 7 of the Dungeon)

   Dex:       It affects your dexterity (+2).
 S - a +0 pair of boots (worn)
 U - a +0 kite shield of protection (worn)
 W - a scarf of resistance (worn)
Magical Staves
 i - a staff of cold
 I - a staff of earth
 J - a staff of air
Jewellery
 g - a ring of flight
 r - the ring of Pacin {Fly rPois MP-9 Str+4 Int+3}
   (You found it in a Gauntlet)

   [ring of flight]

   Str:       It affects your strength (+4).
   Int:       It affects your intelligence (+3).
   rPois:     It protects you from poison.
   MP:        It affects your magic capacity (-9).
   Fly:       It grants you flight.
 t - the ring of Tisioshije (left hand) {rN+ Will+ Dex+6}
   (You took it off a minotaur in a Gauntlet)

   [ring of dexterity]

   Dex:       It affects your dexterity (+6).
   rN:        It protects you from negative energy.
   Will:      It increases your willpower.
 u - a +4 ring of slaying
 w - a ring of magical power (right hand)
 y - a ring of see invisible
 D - a ring of wizardry
 H - an amulet of regeneration (around neck)
 Z - a +5 ring of evasion
Wands
 C - a wand of digging (7)
 E - a wand of iceblast (7)
 T - a wand of flame (18)
Scrolls
 a - 4 scrolls of identify
 e - 9 scrolls of fog
 k - 2 scrolls of fear
 m - 5 scrolls of magic mapping
 q - 6 scrolls of teleportation
 x - 4 scrolls of blinking
 A - 4 scrolls of enchant weapon {unknown}
 K - 4 scrolls of amnesia
 L - 6 scrolls of poison {unknown}
 N - a scroll of brand weapon {unknown}
 Q - 2 scrolls of enchant armour
 Y - 3 scrolls of silence {unknown}
Potions
 b - 2 potions of magic
 c - 8 potions of curing
 d - 3 potions of ambrosia
 f - 5 potions of might
 j - 2 potions of berserk rage
 l - 4 potions of mutation
 o - 3 potions of cancellation
 p - 4 potions of flight
 s - 3 potions of brilliance
 v - a potion of resistance
 z - 8 potions of haste
 G - 4 potions of lignification
 O - 7 potions of heal wounds {unknown}
Miscellaneous
 V - a lightning rod (3/4)


   Skills:
 - Level 9.6 Fighting
 + Level 11.7 Axes
 - Level 1.7 Dodging
 - Level 1.7 Stealth
 - Level 10.7 Shields
 - Level 12.0 Spellcasting
 - Level 11.0 Conjurations
 - Level 10.1 Translocations


You had 14 spell levels left.
You knew the following spells:

 Your Spells              Type           Power      Damage    Failure   Level
a - Magic Dart            Conj           100%       1d8       1%          1
b - Searing Ray           Conj           100%       2d8       1%          2
c - Iskenderun's Mystic   Conj/Tloc      66%        2d14      8%          4
d - Irradiate             Conj/Tmut      23%        3d19      87%         5
e - Sublimation of Blood  Necr           16%        N/A       67%         2
f - Petrify               Tmut/Erth      16%        N/A       99%         4
g - Blink                 Tloc           100%       N/A       1%          2
h - Fulminant Prism       Conj/Hex       23%        3d12      54%         4

Your spell library contained the following spells:

 Spells                   Type           Power      Damage    Failure   Level
 Apportation              Tloc           100%       N/A       1%          1
 Lesser Beckoning         Tloc           100%       N/A       1%          2
 Momentum Strike          Conj/Tloc      100%       3d10      1%          2
 Gell's Gravitas          Tloc           65%        N/A       3%          3
 Teleport Other           Tloc           65%        N/A       3%          3
 Shock                    Conj/Air       100%       1d9       6%          1
 Dazzling Flash           Conj/Hex       94%        N/A       19%         3
 Hailstorm                Conj/Ice       47%        3d11      19%         3
 Portal Projectile        Hex/Tloc       90%        N/A       24%         3
 Vhi's Electric Charge    Tloc/Air       90%        N/A       24%         3
 Freeze                   Ice            64%        1d7       52%         1
 Necrotise                Necr           64%        1d7       52%         1
 Sting                    Tmut/Pois      64%        1d6       52%         1
 Summon Small Mammal      Summ           64%        N/A       52%         1
 Flame Wave               Conj/Fire      47%        2d12      54%         4
 Sticky Flame             Conj/Fire      47%        2d6       54%         4
 Poisonous Vapours        Pois/Air       32%        N/A       67%         2
 Arcjolt                  Conj/Air       23%        1d33      87%         5
 Call Canine Familiar     Summ           16%        N/A       88%         3
 Frozen Ramparts          Ice            32%        1d5       88%         3
 Inner Flame              Hex/Fire       16%        N/A       88%         3
 Summon Guardian Golem    Hex/Summ       16%        N/A       88%         3
 Swiftness                Air            16%        N/A       88%         3
 Tukima's Dance           Hex            16%        N/A       88%         3
 Summon Forest            Summ/Tloc      22%        N/A       91%         5
 Airstrike                Air            8%         2d(2-18)  99%         4
 Olgreb's Toxic Radiance  Pois           16%        N/A       99%         4
 Agony                    Necr           16%        N/A       100%        5
 Blade Hands              Tmut           8%         N/A       100%        5
 Silence                  Hex/Air        8%         N/A       100%        5
 Eringya's Noxious Bog    Tmut/Pois      8%         N/A       100%        6
 Plasma Beam              Fire/Air       8%         2x1d20    100%        6
 Summon Hydra             Summ           8%         N/A       100%        7
 Maxwell's Capacitive Co  Air            8%         ∞         100%        8


Dungeon Overview and Level Annotations

Branches:
Dungeon (15/15)            Temple (0/1) D:6            Lair (5/5) D:9
 Shoals (0/4) Lair:2       Spider (1/4) Lair:2        Slime (0/5) Lair:5
    Orc (2/2) D:12            Elf (0/3) Orc:2        Vaults (0/5) D:14
 Depths (0/4) D:15        Ossuary (visited)         Gauntlet (visited)

Shops:
D:2 [*[?   D:7 *[   D:8 (([((   D:9 :   D:10 ?   Orc:2 (?:(

Annotations:
Spider:1 Nikola


Innate Abilities, Weirdness & Mutations

You have an increased reservoir of magic. (+10% MP)
You shall have no god before yourself.
Your divine heritage dramatically boosts your attributes as you level up.
You are somewhat resistant to further mutation.


Message History

Nikola slams into the rock wall!
Nikola is moderately wounded.
The jumping spider leaps!
Unknown command.
You take 82 damage, and have 2/125 hp.
MASSIVE DAMAGE!!
You now have 23/45 mp.
Casting: Iskenderun's Mystic Blast (dangerous; 8% risk of failure)
Confirm with . or Enter, or press ? or * to list all spells.
You erupt in a blast of force!
The mystic blast hits the demonic crawler.
The demonic crawler is severely wounded.
The demonic crawler is knocked back by the mystic blast.
The mystic blast hits Nikola!!
Nikola is heavily wounded.
Nikola is knocked back by the mystic blast.
Nikola slams into the rock wall!
Nikola is heavily wounded.
You hear a faint skittering sound. x2
A redback comes into view.
You hear a faint skittering sound.
You now have 20/45 mp.
Unknown command.
Okay, then.
Blink to where?
Press: ? - help, Dir - move target A culicivora comes into view.
As you read the scroll of blinking, it crumbles to dust.
A tarantella comes into view.
You regained 2 hp, and now have 5/125 hp.
It was a potion of mutation.
You feel extremely strange.
You feel genetically stable.
The jumping spider leaps!
You block the wolf spider's attack. x2
It was a potion of haste.
You feel yourself speed up.
Nikola gestures wildly while chanting.
Lightning arcs from Nikola's hands!
The bolt of lightning hits the demonic crawler!!!
The demonic crawler dies!
A bolt of lightning appears from out of thin air!
The bolt of lightning hits the wolf spider!!!
The bolt of lightning hits Nikola!
The bolt of lightning hits you!!
You die...

####################
#....^.@...#........
##.....#s..#........
.......#...<...=..s.
......##@#......##..
..#....†.s.s.....# .
#.........s.....#
####.######.......
.. .###... ... ..
...


You could see Nikola, a wolf spider, a culicivora, a tarantella and a redback.

Vanquished Creatures
  Agnes (D:15)
  2 orc warlords
  An ironbound preserver (D:14)
  Nessos (Orc:2)
  The ghost of croobank the Blocker, a journeyman GnFi of Gozag (Lair:5)
  A minotaur (Gauntlet)
  A dire elephant (D:15)
  An entropy weaver (Gauntlet)
  Harold (D:9)
  Erolcha (Orc:1)
  7 hydras
  5 boulder beetles
  5 catoblepae
  6 centaur warriors
  5 two-headed ogres
  5 death yaks
  9 orc high priests (Orc:2)
  Amaemon (Lair:2)
  2 skysharks
  A skeletal warrior (D:14)
  A sixfirhy (Gauntlet)
  A wizard (D:15)
  2 orc knights (Orc:2)
  Pikel (D:8)
  3 orc sorcerers
  A wolf spider (Gauntlet)
  A salamander (D:15)
  7 cyclopes
  7 ugly things
  5 manticores
  6 black mambas
  Psyche (D:8)
  An orange demon (Lair:2)
  9 cane toads
  3 gargoyles (D:13)
  8 rime drakes
  A freezing wraith (D:13)
  3 kobold demonologists
  3 efreet
  13 komodo dragons
  A yaktaur (D:15)
  2 unseen horrors
  A queen bee (shapeshifter) (D:15)
  A meliai (Lair:2)
  A merfolk (D:15)
  4 trolls
  3 polar bears
  23 blink frogs
  5 dream sheep (Lair:4)
  16 slime creatures
  A shadow (D:12)
  7 wyverns
  4 centaur simulacra
  A vampire (D:13)
  2 wraiths
  5 basilisks
  62 yaks
  A human (shapeshifter) (D:15)
  5 redbacks
  A death yak simulacrum (Lair:5)
  6 vampire mosquitoes (D:12)
  7 wargs
  3 acid dragons
  7 water moccasins
  A meliai simulacrum (Gauntlet)
  23 orc warriors
  4 sky beasts
  2 black mamba simulacra (Lair:5)
  7 ogres
  4 phantoms
  17 wolves
  13 centaurs
  2 lemures (D:8)
  12 bullfrogs
  3 necrophages (D:6)
  A kobold brigand (D:7)
  A water moccasin zombie (D:6)
  A wyvern zombie (D:6)
  A scorpion (D:5)
  9 wights
  9 killer bees
  A dream sheep simulacrum (Lair:5)
  5 howler monkeys
  2 electric eels (Lair:2)
  A fire crab simulacrum (Lair:5)
  A wyvern simulacrum (Gauntlet)
  2 human zombies (Ossuary)
  2 komodo dragon simulacra (Lair:5)
  2 centaur zombies
  4 hounds
  4 jellies
  38 orc priests
  8 iguanas
  18 orc wizards
  4 hell rats (Lair:3)
  A killer bee zombie (D:6)
  2 mummies
  7 adders
  4 gnolls (D:3)
  5 ufetubi
  4 adder zombies (Ossuary)
  A worm (D:4)
  14 dart slugs
  88 orcs
  8 bats
  3 endoplasms
  6 giant cockroaches
  8 goblins
  8 hobgoblins
  12 jackals
  17 kobolds
  2 quokkas
  7 ball pythons
  2 frilled lizards (D:1)
  A goblin zombie (Ossuary)
  5 hobgoblin zombies (Ossuary)
  2 jackal zombies (Ossuary)
  12 kobold zombies (Ossuary)
  9 orc zombies (Ossuary)
  3 rats
  A rat zombie (Ossuary)
  A butterfly (Lair:4)
738 creatures vanquished.

Vanquished Creatures (others)
  A demonic crawler (Spider:1)
  A tarantella (Spider:1)
2 creatures vanquished.

Grand Total: 740 creatures vanquished

Notes
Turn   | Place    | Note
-------+----------+-------------------------------------------
     0 | D:1      | spardeous the Demigod Conjurer began the quest for the Orb.
     0 | D:1      | Reached XP level 1. HP: 14/14 MP: 5/5
   318 | D:1      | Reached XP level 2. HP: 20/20 MP: 4/7
   321 | D:1      | Learned a level 2 spell: Searing Ray
   950 | D:1      | Reached XP level 3. HP: 26/26 MP: 4/8
  1439 | D:2      | Reached skill level 5 in Conjurations
  1600 | D:2      | Found Peqor's Armour Emporium.
  1792 | D:2      | Found Ahoamion's Armour Shop.
  1812 | D:2      | Found Feneinett's General Store.
  2198 | D:2      | Found Maor's Magic Scroll Emporium.
  2335 | D:3      | Reached XP level 4. HP: 33/33 MP: 4/9
  3311 | D:3      | Identified the +2 chain mail "Zeazifra" {rC- Regen+ Dex+5
                  | Slay-2}
  3530 | D:4      | Found a sand-covered staircase.
  3537 | D:4      | Reached XP level 5. HP: 34/38 MP: 0/10
  3616 | Ossuary  | Entered an ossuary
  4639 | D:4      | Reached XP level 6. HP: 34/45 MP: 6/11
  5401 | D:4      | Reached XP level 7. HP: 36/50 MP: 3/12
  6285 | D:5      | Entered Level 5 of the Dungeon
  6290 | D:5      | Reached skill level 2 in Spellcasting
  6297 | D:5      | Learned a level 4 spell: Iskenderun's Mystic Blast
  7050 | D:5      | Reached skill level 3 in Spellcasting
  7660 | D:5      | Reached skill level 4 in Spellcasting
  7754 | D:5      | Identified a scroll of acquirement
  7759 | D:5      | Acquired 696 gold pieces
  7839 | D:2      | Bought the +14 chain mail of Wu Jian's Condemnation
                  | {Rampage rPois Str+3 Stlth+} for 948 gold pieces
  8269 | D:6      | Found a staircase to the Ecumenical Temple.
  8377 | D:6      | Reached XP level 8. HP: 57/57 MP: 13/18
  8500 | D:6      | Reached skill level 5 in Spellcasting
  8727 | D:6      | Reached skill level 6 in Spellcasting
  9264 | D:6      | Reached skill level 7 in Spellcasting
 10202 | D:7      | Reached skill level 1 in Translocations
 10300 | D:7      | Reached XP level 9. HP: 62/62 MP: 16/24
 10604 | D:7      | Reached skill level 5 in Translocations
 10733 | D:7      | Found Kulole Ozxe's Armour Emporium.
 11256 | D:7      | Found Ybay's Lightly-Used Armoury.
 11576 | D:8      | Noticed a two-headed ogre
 11816 | D:8      | Reached XP level 10. HP: 21/69 MP: 5/25
 12050 | D:8      | Found Hoojes's Weapon Shop.
 12395 | D:8      | Noticed Pikel
 12411 | D:8      | Killed Pikel
 12673 | D:8      | Learned a level 5 spell: Irradiate
 12676 | D:8      | Learned a level 2 spell: Sublimation of Blood
 12681 | D:8      | Learned a level 4 spell: Petrify
 12841 | D:2      | Bought a scroll of identify for 24 gold pieces
 13014 | D:8      | Noticed a red ugly thing
 13037 | D:8      | Killed a brown ugly thing
 13231 | D:8      | Killed a two-headed ogre
 13232 | D:8      | Reached skill level 10 in Translocations
 13412 | D:8      | Found Sintit's Weapon Shop.
 13426 | D:8      | Found Xathrut's Weapon Emporium.
 13576 | D:8      | Found Muoral's Weapon Boutique.
 13626 | D:8      | Found Conuf's Armour Emporium.
 13727 | D:8      | Noticed Psyche
 13795 | D:8      | Killed Psyche
 13796 | D:8      | Reached skill level 8 in Spellcasting
 14211 | D:7      | Bought the +1 pair of gloves of the Grey Skies {Dex+2} for
                  | 269 gold pieces
 14428 | D:9      | Noticed Harold
 14453 | D:9      | Killed Harold
 14455 | D:9      | Reached skill level 9 in Spellcasting
 14457 | D:9      | Noticed a two-headed ogre
 14457 | D:9      | Noticed a two-headed ogre
 14458 | D:9      | Noticed a two-headed ogre
 14913 | D:9      | Killed a two-headed ogre
 14913 | D:9      | Killed a two-headed ogre
 14914 | D:9      | Reached skill level 10 in Spellcasting
 14914 | D:9      | Reached XP level 11. HP: 56/74 MP: 8/29
 15227 | D:9      | Killed a two-headed ogre
 15398 | D:9      | Found a staircase to the Lair.
 15498 | D:9      | Found Qot Ekurghe's Tremendous Tomes.
 15839 | D:10     | Entered Level 10 of the Dungeon
 16082 | D:10     | Reached skill level 10 in Conjurations
 16397 | D:10     | Found Amnawk's Magic Scroll Boutique.
 16445 | D:10     | Noticed a two-headed ogre
 16454 | D:10     | Killed a two-headed ogre
 18187 | D:11     | Learned a level 2 spell: Blink
 18660 | D:12     | Found a staircase to the Orcish Mines.
 18711 | D:12     | Reached skill level 11 in Spellcasting
 19002 | D:12     | Reached XP level 12. HP: 81/81 MP: 15/31
 19122 | D:12     | Noticed a centaur warrior
 19861 | D:12     | Killed a centaur warrior
 20041 | D:12     | Got the Anthology of Gases
 20258 | D:13     | Reached skill level 12 in Spellcasting
 20448 | D:13     | Noticed a centaur warrior
 20457 | D:13     | Killed a centaur warrior
 20458 | D:13     | Reached skill level 1 in Fighting
 20623 | D:13     | Noticed a seven-headed hydra
 20628 | D:13     | Killed a seven-headed hydra
 21241 | D:13     | Learned a level 4 spell: Fulminant Prism
 21490 | D:13     | Reached skill level 5 in Fighting
 22630 | Lair:1   | Entered Level 1 of the Lair of Beasts
 23595 | Lair:1   | Noticed a catoblepas
 23672 | Lair:1   | Killed a catoblepas
 24304 | Lair:2   | Noticed Amaemon
 24631 | Lair:1   | Reached XP level 13. HP: 74/108 MP: 1/33
 25258 | Lair:2   | Killed Amaemon
 25903 | Lair:2   | Reached skill level 1 in Shields
 26158 | Lair:2   | Found a staircase to the Shoals.
 26242 | Lair:2   | Found a hole to the Spider Nest.
 27353 | Lair:3   | Reached skill level 5 in Shields
 29292 | Lair:4   | Found the +7 great mace "Undeadhunter" {deathbane, rN+}
 29532 | Lair:4   | Reached skill level 1 in Axes
 30602 | Lair:5   | Entered Level 5 of the Lair of Beasts
 30648 | Lair:5   | Reached skill level 5 in Axes
 30682 | Lair:5   | Found a gate leading to a gauntlet.
 30696 | Gauntlet | Entered a Gauntlet
 30696 | Gauntlet | Found a transporter.
 30696 | Gauntlet | Found a transporter.
 30696 | Gauntlet | Found a transporter.
 30699 | Gauntlet | Found a transporter.
 30700 | Gauntlet | Found a transporter.
 30712 | Gauntlet | Found a transporter.
 30714 | Gauntlet | Found a transporter.
 30724 | Gauntlet | Found a transporter.
 30815 | Gauntlet | Found a transporter.
 30825 | Gauntlet | Found a transporter.
 30829 | Gauntlet | Found a transporter.
 30839 | Gauntlet | Found a transporter.
 30983 | Gauntlet | Identified the +3 hat of the Other World {rC+ Str-4 Stlth+}
 31075 | Gauntlet | Identified the ring of Pacin {Fly rPois MP-9 Str+4 Int+3}
 31209 | Gauntlet | Identified the ring of Tisioshije {rN+ Will+ Dex+6}
 31209 | Gauntlet | Noticed a minotaur
 31230 | Gauntlet | Killed a minotaur
 31231 | Gauntlet | Reached XP level 14. HP: 43/118 MP: 1/35
 31784 | Lair:5   | Found a staircase to the Slime Pits.
 32030 | Lair:5   | Noticed croobank's ghost (journeyman GnFi)
 32070 | Lair:5   | Found a runed translucent gate.
 32070 | Lair:5   | Found a runed translucent gate.
 32070 | Lair:5   | Found a runed translucent gate.
 33439 | Lair:5   | Killed croobank's ghost
 35076 | D:14     | Found a gate to the Vaults.
 35076 | D:14     | Noticed an ironbound preserver
 35126 | D:14     | Killed an ironbound preserver
 35783 | D:14     | Reached skill level 10 in Shields
 36462 | Orc:1    | Entered Level 1 of the Orcish Mines
 36881 | D:8      | Bought the +8 war axe of Earthquakes {flame, rPois rCorr
                  | Dex+2} for 874 gold pieces
 36990 | Orc:2    | Entered Level 2 of the Orcish Mines
 36990 | Orc:2    | Noticed Nessos
 37258 | Orc:2    | Found a staircase to the Elven Halls.
 37394 | Orc:2    | Killed Nessos
 37570 | Orc:2    | Noticed an orc warlord
 37607 | Orc:1    | Noticed an orc warlord
 37620 | Orc:2    | Killed an orc warlord
 37818 | Orc:2    | Found Nuuci's Magic Scroll Boutique.
 37824 | Orc:2    | Found Pirrel's Weapon Shoppe.
 38191 | Orc:2    | Found Lagg's Weapon Boutique.
 38191 | Orc:2    | Found Apelauf's Book Shoppe.
 38676 | Orc:1    | Reached skill level 10 in Axes
 38676 | Orc:1    | Reached XP level 15. HP: 107/125 MP: 33/36
 39106 | Orc:1    | Noticed Erolcha
 39114 | Orc:1    | Killed Erolcha
 39739 | D:15     | Entered Level 15 of the Dungeon
 40420 | D:15     | Noticed Agnes
 40435 | D:15     | Killed Agnes
 40851 | D:15     | Found a staircase to the Depths.
 41345 | Spider:1 | Entered Level 1 of the Spider Nest
 41345 | Spider:1 | Noticed Nikola
 41357 | Spider:1 | HP: 1/125 [Nikola/arc of chain lightning (84)]
 41361 | Spider:1 | Gained mutation: You are somewhat resistant to further
                  | mutation. [potion of mutation]
 41362 | Spider:1 | Killed from afar by Nikola

Illustrated notes

Levels and vault maps discovered:
D:1:      scummos_arrival_star, layout_basic
D:2:      layout_loops_ring, basic_ecumenical_altar, serial_shops,
          nicolae_shop_getting_attention, nicolae_shop_scrapyard,
          nicolae_shop_competitors_out_of_business, nicolae_shop_statue_plus,
          basic_altar, minivault_24, minmay_misc_feat_iff, minmay_pentomino_s4
D:3:      layout_loops_cross
D:4:      layout_loops_corners, gup_ossuary_entry_pyramid
D:5:      kennysheep_slugbush, layout_loops_ring,
          mainiacjoe_overflow_surrounded_room
D:6:      layout_gridville, lemuel_tele_altar, mainiacjoe_overflow_alcove_2,
          fedhas_altar_decomposition, grunt_temple_overflow_open,
          minmay_temple_entry_from_below_a, nicolae_underground_beach
D:7:      layout_gridville, grunt_temple_overflow_cloverleaf, serial_shops,
          nicolae_shop_behind_doors, minmay_shop_damaged, minmay_fountain_box
D:8:      layout_gridville, serial_shops, shop, shop, nicolae_shop_tiny_glass,
          shop, nicolae_shop_tiny_statue_garden, nicolae_sextant,
          kennysheep_generic_room_10, uniq_pikel, uniq_psyche
D:9:      layout_rooms, lair_entry_dummy, nicolae_shop_i_like_big_books,
          uniq_harold
D:10:     layout_rooms, serial_shops, shop
D:11:     layout_irregular_city
D:12:     layout_stronghold, orc_0_dummy
D:13:     layout_basic
D:14:     layout_loops_ring, skrybe_vaults_entry_preservation
D:15:     hangedman_depths_entry_try_elsewhere_first, layout_basic, uniq_agnes
Lair:1:   layout_long_grid
Lair:2:   layout_regular_city, minmay_shoals_entry_centaurs,
          hellmonk_spider_entry_not_the_bees, grunt_megastairs_4,
          serial_bayou_shore_b, lemuel_fruit_tree, serial_bayou_shore_a,
          serial_bayou_shore_b, uniq_amaemon
Lair:3:   nzn_winding_woodlands_three_and_one
          [nzn_winding_woodlands_5x15_concentric,
          nzn_winding_woodlands_5x15_default,
          nzn_winding_woodlands_5x15_sidewinder,
          nzn_winding_woodlands_center_garden], layout_regular_city, basic_altar
Lair:4:   layout_cave_pods, lookout_lair_type, infiniplex_staircase_pool_2,
          lemuel_fruit_fields
Lair:5:   evilmike_catoblepas_cave, layout_regular_city,
          minmay_slime_entry_pillars, gauntlet_entry_generic,
          gammafunk_ghost_icy
Spider:1: layout_spider_delve, uniq_nikola, uniq_rupert
Orc:1:    layout_caves, uniq_erolcha
Orc:2:    st_orc_town, layout_caves, mines2_lemuel, uniq_nessos

Skill      XL: |  1  2  3  4  5  6  7  8  9 10 11 12 13 14 15 |
---------------+----------------------------------------------+-----
Conjurations   | 4 5 6 7 8 11 | 11.0
Spellcasting   | 4 7 10 11 12 | 12.0
Translocations | 2 8 10 | 10.1
Fighting       | 8 9 |  9.6
Shields        | 7 10 | 10.7
Axes           | 6 10 11 | 11.7
Dodging        | |  1.7
Stealth        | |  1.7

Action                     |  1- 3 |  4- 6 |  7- 9 | 10-12 | 13-15 || total
---------------------------+-------+-------+-------+-------+-------++-------
  Melee: Unarmed           |    24 |       |       |       |       ||    24
         Staff             |       |    30 |     6 |   135 |    48 ||   219
         Punch             |       |       |       |     1 |       ||     1
         War axe           |       |       |       |       |   457 ||   457
         Hand axe          |       |       |       |       |    74 ||    74
   Cast: Magic Dart        |   114 |    84 |   160 |    19 |     5 ||   382
         Searing Ray       |       |    32 |    68 |    23 |       ||   123
         Iskenderun's Myst |       |       |     2 |   338 |   542 ||   882
  Evoke: Lightning rod     |       |       |       |       |     4 ||     4
    Use: Scroll            |       |       |     9 |     9 |     7 ||    25
         Potion            |       |       |       |     6 |     4 ||    10
   Stab: Sleeping          |       |       |       |       |     3 ||     3
 Armour: Robe              |    12 |       |       |       |       ||    12
         Chain mail        |       |    11 |   108 |   390 |   606 ||  1115
         Ring mail         |       |    34 |     8 |       |       ||    42
  Dodge: Dodged            |    69 |    70 |    49 |   200 |   271 ||   659
  Block: Buckler           |       |       |       |    38 |    81 ||   119
         Kite shield       |       |       |       |       |   442 ||   442
